 Dungeon Crawl Stone Soup version 0.28.0 (console) character file.

Game seed: 14479507488316482502

32013 ryathie the Severer (level 13, 0/82 HPs)
             Began as a Gargoyle Fighter on Feb 16, 2022.
             Was an Elder of the Shining One.
             Killed from afar by a rime drake (3 damage)
             ... with a flash freeze
             ... on level 6 of the Lair of Beasts.
             The game lasted 00:35:03 (6759 turns).

ryathie the Severer (Gargoyle Fighter)              Turns: 6759, Time: 00:35:03

Health: 0/82       AC: 29    Str: 22    XL:     13   Next: 61%
Magic:  18/18      EV:  5    Int:  8    God:    the Shining One [****..]
Gold:   222        SH: 10    Dex: 13    Spells: 12/12 levels left

rFire   + . .      SeeInvis .   a - +4 broad axe (vorpal)
rCold   + + .      Faith    .   K - +0 kite shield {rC+}
rNeg    + + +      Spirit   .   o - +2 plate armour {rC+}
rPois   ∞          Reflect  .   f - +0 helmet
rElec   +          Harm     .   (no cloak)
rCorr   +          Rampage  .   y - +3 pair of gloves of Happy Babbling {Regen+}
Will    .....                   p - +0 pair of boots
Stlth   ..........              (no amulet)
HPRegen 1.03/turn               i - ring of resist corrosion
MPRegen 0.16/turn               z - ring of protection from fire

@: corroded, glowing
A: sickness immunity, AC +9, negative energy resistance 1, electricity
resistance, torment resistance 1, petrification resistance, hooves 2,
deterioration 1
a: Renounce Religion, Divine Shield, Cleansing Flame


You were on level 6 of the Lair of Beasts.
You worshipped the Shining One.
The Shining One was greatly pleased with you.
You visited 3 branches of the dungeon, and saw 16 of its levels.
You also visited: Sewer, Ossuary, Bailey and Ice Cave.

You collected 684 gold pieces.
You spent 462 gold pieces at shops.

Inventory:

Hand Weapons
 a - a +4 vorpal broad axe (weapon)
 d - a +2 broad axe of freezing
 C - a +0 scimitar of flaming
Missiles
 g - 27 poisoned darts (quivered)
 D - a throwing net
Armour
 f - a +0 helmet (worn)
 o - a +2 plate armour of cold resistance (worn)
 p - a +0 pair of boots (worn)
 y - the +3 pair of gloves of Happy Babbling (worn) {Regen+}
   (You found it on level 8 of the Dungeon)

   Regen:     It increases your rate of health regeneration.
 K - a +0 kite shield of cold resistance (worn)
Jewellery
 c - a ring of protection from cold
 i - a ring of resist corrosion (left hand)
 z - a ring of protection from fire (right hand)
Wands
 w - a wand of charming (9)
 J - a wand of acid (5)
Scrolls
 e - a scroll of holy word
 j - 4 scrolls of identify
 m - 2 scrolls of blinking
 s - a scroll of magic mapping
 t - 3 scrolls of fog
 v - 2 scrolls of teleportation
Potions
 b - a potion of flight
 h - 6 potions of curing
 k - 4 potions of brilliance
 l - 5 potions of haste
 r - 2 potions of lignification
 u - 2 potions of magic
 x - a potion of ambrosia
 A - 3 potions of heal wounds
 B - 2 potions of cancellation
 E - 2 potions of invisibility
 I - 2 potions of mutation


   Skills:
 - Level 10.0 Fighting
 + Level 15.4 Axes
 - Level 1.0 Throwing
 + Level 10.5 Armour
 + Level 8.0 Shields
 + Level 7.1 Invocations
 - Level 2.0 Evocations


You had 12 spell levels left.
You didn't know any spells.
Your spell library was empty.

Dungeon Overview and Level Annotations

Branches:
Dungeon (9/15)             Temple (1/1) D:5            Lair (6/6) D:9
  Sewer (visited)         Ossuary (visited)          Bailey (visited)
  IceCv (visited)
  Swamp: Lair:2-4    Shoals: Lair:2-4     Snake: Lair:2-4    Spider: Lair:2-4
  Slime: Lair:5-6       Orc: D:9-12

Altars:
Ashenzari
Dithmenos
Elyvilon
Fedhas
Gozag
Hepliaklqana
Kikubaaqudgha
Nemelex Xobeh
Okawaru
Qazlal
Sif Muna
Trog
Uskayaw
Vehumet
Wu Jian
Xom
Yredelemnul
Zin
The Shining One

Shops:
D:2 !   D:6 !   D:7 =   D:8 !

Annotations:
Lair:1 Grum


Innate Abilities, Weirdness & Mutations

You are immune to sickness and miasma.
Your stone body is resilient. (AC +9)
You are immune to poison.
You resist negative energy. (rN+)
You are resistant to electric shocks. (rElec)
You are resistant to unholy torment.
You are immune to petrification.
You have hoof-like feet.
Your body sometimes deteriorates upon taking damage.


Message History

Found a ring mail.
A tyrant leech comes into view.
The tyrant leech moves out of view.
Found a scale mail.
Found 14 stones.
Found a wand of iceblast (6) and a hand axe.
A goliath frog comes into view.
A black mamba comes into view.
The black mamba hisses angrily.
The goliath frog hits you but does no damage.
The tyrant leech bites you!!
The goliath frog hits you but does no damage.
The tyrant leech barely misses you.
You block the goliath frog's attack. x2; The tyrant leech bites you.
You block the goliath frog's attack.
Okay, then.
The black mamba bites you!
The goliath frog hits you but does no damage.
You block the black mamba's attack.
Aiming: Charm
Press: ? - help, Shift-Dir - straight line, f - black mamba
Aim: a black mamba (haloed, chance to affect: 54%)
The black mamba is charmed.
The goliath frog hits you from afar!
You are splashed with acid.
You resist. The tyrant leech bites you!!
* * * LOW HITPOINT WARNING * * *
The tyrant leech bites your black mamba but does no damage.
The goliath frog hits you from afar!
* * * LOW HITPOINT WARNING * * *
The acid corrodes you!
You are splashed with acid.
You resist.
* * * LOW HITPOINT WARNING * * *
Okay, then.
Blink to where?
Press: ? - help, Dir - move target, p - black mamba A rime drake comes into view.
Found 28 stones.
As you read the scroll of blinking, it crumbles to dust.
The rime drake hisses angrily.
The rime drake breathes ice at you. The flash freeze hits you.
You partially resist.
You die...

##.### #####..≈..
#...§###....P.≈P≈
##...Sw.P≈≈≈≈≈≈≈≈ .
#..P.F≈≈≈≈≈≈≈≈≈≈ (.
#..≈P≈P≈≈≈≈≈≈≈≈≈≈ ...###
#....≈≈≈≈≈≈≈≈≈≈≈#
......###...≈≈≈≈≈≈≈≈≈###
.......#..P≈≈≈≈≈≈≈≈≈≈≈≈≈
.......@...≈≈≈≈≈≈≈≈≈≈≈≈≈
###........≈≈≈≈≈≈≈≈≈≈≈.≈
#....##..≈≈≈≈≈≈≈≈≈≈≈.≈≈
#.P... #P.≈PP≈≈≈≈≈≈.≈≈≈
..... ##≈.≈≈≈≈≈P≈≈≈≈≈[
..... #..≈≈≈≈≈≈≈≈.≈≈(
.... .#.≈≈≈≈≈≈####≈≈
..k. #.≈≈≈≈≈## ##


You could see a tyrant leech, a goliath frog, a rime drake (catching breath) and
a friendly black mamba (charmed).

Vanquished Creatures
  2 vault guards (Bailey)
  A catoblepas (Lair:4)
  A boulder beetle (Lair:5)
  Erica (D:9)
  2 ironbound frosthearts (IceCv)
  2 death yaks (Lair:5)
  A goliath frog (Lair:6)
  An oklob plant (Lair:5)
  An ugly thing (IceCv)
  An ice statue (IceCv)
  Joseph (D:7)
  10 cane toads
  2 komodo dragons
  A rime drake (IceCv)
  11 blink frogs
  12 polar bears (IceCv)
  Prince Ribbit (Bailey)
  5 dream sheep (Lair:5)
  3 wyverns
  35 yaks
  11 humans (Bailey)
  A death yak simulacrum (Lair:4)
  4 vampire mosquitoes (Lair:6)
  A steam dragon (D:6)
  7 water moccasins
  2 sky beasts
  A black bear (D:7)
  2 orc warriors (D:6)
  An ice beast (D:6)
  Pargi (Sewer)
  A hornet zombie (D:8)
  An ogre (D:5)
  2 necrophages (D:8)
  2 centaurs
  23 wolves
  2 kobold brigands
  16 bullfrogs
  2 gnoll sergeants (D:8)
  A wyvern zombie (D:8)
  2 scorpions
  A water moccasin skeleton (D:7)
  2 elephant simulacra (Lair:4)
  2 killer bees (D:8)
  A howler monkey (D:8)
  3 wights
  2 centaur zombies
  2 orc priests
  2 jellies
  A gnoll shaman (D:7)
  2 centaur skeletons (D:6)
  Ijyb (D:5)
  3 orc wizards
  3 polar bear simulacra (Lair:4)
  12 mummies
  A howler monkey zombie (D:9)
  16 gnolls
  10 adders
  3 white imps
  An ufetubus (D:7)
  4 worms (D:5)
  2 dart slugs
  13 orcs
  7 ball pythons
  6 bats
  2 giant cockroaches (D:2)
  7 goblins
  8 hobgoblins
  3 quokkas
  4 frilled lizards
  A gnoll zombie (Ossuary)
  2 hobgoblin zombies (Ossuary)
  15 kobolds
  A kobold zombie (Ossuary)
  4 orc zombies (Ossuary)
  3 rats
  A bush (Lair:5)
328 creatures vanquished.

Vanquished Creatures (collateral kills)
  2 death yaks (Lair:5)
  A komodo dragon (Lair:5)
3 creatures vanquished.

Vanquished Creatures (others)
  15 fungi
  89 plants
  2 withered plants (D:8)
106 creatures vanquished.

Grand Total: 437 creatures vanquished

Notes
Turn   | Place    | Note
-------+----------+-------------------------------------------
     0 | D:1      | ryathie the Gargoyle Fighter began the quest for the Orb.
     0 | D:1      | Reached XP level 1. HP: 14/14 MP: 1/1
   139 | D:1      | Reached skill level 2 in Axes
   146 | D:1      | Reached XP level 2. HP: 8/19 MP: 2/2
   212 | D:2      | Reached skill level 1 in Throwing
   318 | D:1      | Reached XP level 3. HP: 21/24 MP: 3/3
   435 | D:2      | Found Vaska's Distillery.
   453 | D:2      | Bought a potion of curing for 33 gold pieces
   626 | D:2      | Reached XP level 4. HP: 29/29 MP: 4/4
   635 | D:2      | Reached skill level 3 in Axes
   714 | D:3      | Noticed a water moccasin
   723 | D:3      | Killed a water moccasin
   724 | D:3      | Reached skill level 5 in Fighting
   724 | D:3      | Reached XP level 5. HP: 27/35 MP: 5/5
   869 | D:3      | Reached XP level 6. HP: 33/40 MP: 6/6
   871 | D:3      | Reached skill level 4 in Axes
  1086 | D:5      | Entered Level 5 of the Dungeon
  1138 | D:5      | Noticed Ijyb
  1154 | D:5      | Killed Ijyb
  1315 | D:5      | Identified the +6 whip of the Curious Moons {elec, Will+
                  | Stlth+}
  1316 | D:5      | Found a blossoming altar of Fedhas.
  1424 | D:5      | Found a glowing drain.
  1429 | Sewer    | Entered a sewer
  1434 | Sewer    | Reached XP level 7. HP: 31/46 MP: 7/7
  1591 | Sewer    | Noticed Pargi
  1593 | Sewer    | Killed Pargi
  1711 | D:5      | Gained mutation: Your body sometimes deteriorates upon
                  | taking damage. [potion of mutation]
  1711 | D:5      | Gained mutation: You have large cloven feet. [potion of
                  | mutation]
  1711 | D:5      | Gained mutation: You have hoof-like feet. [potion of
                  | mutation]
  1744 | D:5      | Reached skill level 5 in Axes
  1800 | D:5      | Found a glowing silver altar of Zin.
  1800 | D:5      | Found a shimmering blue altar of Sif Muna.
  2022 | D:6      | Reached skill level 5 in Shields
  2042 | D:6      | Found a shadowy altar of Dithmenos.
  2059 | D:6      | Found a sand-covered staircase.
  2066 | Ossuary  | Entered an ossuary
  2080 | Ossuary  | Reached XP level 8. HP: 53/53 MP: 8/8
  2314 | D:5      | Found a staircase to the Ecumenical Temple.
  2323 | Temple   | Entered the Ecumenical Temple
  2349 | Temple   | Became a worshipper of the Shining One
  2578 | D:6      | Reached skill level 6 in Axes
  2598 | D:7      | Noticed Joseph
  2766 | D:6      | Reached skill level 7 in Axes
  3039 | D:6      | Reached XP level 9. HP: 46/59 MP: 9/9
  3136 | D:6      | Found Iturghe's Distillery.
  3178 | D:7      | Killed Joseph
  3179 | D:7      | Reached skill level 8 in Axes
  3222 | D:7      | Found Ehiho's Jewellery Emporium.
  3238 | D:7      | Found a sparkling altar of Nemelex Xobeh.
  3276 | D:7      | Found a radiant altar of Vehumet.
  3304 | D:7      | Found a hide-covered altar of Uskayaw.
  3323 | D:7      | Reached skill level 9 in Axes
  3327 | D:7      | Reached * piety under the Shining One
  3640 | D:8      | Found Diats's Distillery.
  3646 | D:8      | Identified the +3 pair of gloves of Happy Babbling {Regen+}
  3671 | D:8      | Bought 2 potions of berserk rage for 130 gold pieces
  3671 | D:8      | Bought a potion of heal wounds for 65 gold pieces
  3671 | D:8      | Bought a potion of haste for 130 gold pieces
  3671 | D:8      | Bought a potion of cancellation for 104 gold pieces
  3860 | D:8      | Reached skill level 10 in Axes
  3880 | D:8      | Found a flagged portal.
  3892 | Bailey   | Entered a bailey
  3913 | Bailey   | Reached XP level 10. HP: 56/64 MP: 10/10
  3919 | Bailey   | Reached skill level 11 in Axes
  3999 | Bailey   | Reached skill level 12 in Axes
  4004 | Bailey   | Noticed a vault guard
  4028 | Bailey   | Killed a vault guard
  4075 | Bailey   | Noticed Prince Ribbit
  4097 | Bailey   | Killed Prince Ribbit
  4156 | Bailey   | Noticed a vault guard
  4168 | Bailey   | Reached skill level 5 in Armour
  4185 | Bailey   | Killed a vault guard
  4186 | Bailey   | Reached XP level 11. HP: 28/68 MP: 11/11
  4467 | D:8      | Reached ** piety under the Shining One
  4739 | D:9      | Noticed Erica
  4754 | D:9      | Killed Erica
  4755 | D:9      | Reached skill level 13 in Axes
  4807 | D:9      | Found a staircase to the Lair.
  4814 | D:9      | Noticed a two-headed ogre
  4816 | Lair:1   | Entered Level 1 of the Lair of Beasts
  4880 | Lair:1   | Noticed Grum
  5046 | Lair:4   | Reached *** piety under the Shining One
  5046 | Lair:4   | Found a frozen archway.
  5056 | Lair:4   | Noticed a catoblepas
  5131 | Lair:4   | Killed a catoblepas
  5168 | Lair:4   | Reached skill level 14 in Axes
  5184 | IceCv    | Entered an ice cave
  5310 | IceCv    | Reached skill level 1 in Invocations
  5342 | IceCv    | Reached XP level 12. HP: 57/74 MP: 13/13
  5491 | IceCv    | Reached skill level 1 in Evocations
  5722 | IceCv    | Noticed an ironbound frostheart
  5722 | IceCv    | Noticed an ironbound frostheart
  6000 | IceCv    | Killed an ironbound frostheart
  6093 | IceCv    | Killed an ironbound frostheart
  6220 | Lair:5   | Reached skill level 5 in Invocations
  6296 | Lair:5   | Reached **** piety under the Shining One
  6299 | Lair:5   | Noticed a boulder beetle
  6305 | Lair:5   | Reached XP level 13. HP: 72/81 MP: 16/16
  6308 | Lair:5   | Reached skill level 15 in Axes
  6326 | Lair:5   | Reached skill level 10 in Fighting
  6326 | Lair:5   | Reached skill level 10 in Armour
  6371 | Lair:5   | Found a hide-covered altar of Uskayaw.
  6419 | Lair:6   | Entered Level 6 of the Lair of Beasts
  6758 | Lair:6   | HP: 2/82 [acid (3)]
  6759 | Lair:6   | Killed from afar by a rime drake

Illustrated notes

Levels and vault maps discovered:
D:1:      matt_arrival_diagonals, layout_basic, ebering_ecumenical_altar_mist
D:2:      layout_loops_corners, serial_shops, nicolae_shop_trees
D:3:      layout_rooms, roderic_serpentine_path
D:4:      layout_basic, slow_altar_1, kennysheep_nondescript, uniq_grinder
D:5:      layout_basic, fedhas_bush_and_centaur_altar,
          mainiacjoe_overflow_divided_tiny, minmay_temple_entry_waves,
          lightli_sewer_entry_pipes, corexii_leaking_fountain, uniq_ijyb
D:6:      layout_loops_corners, mainiacjoe_overflow_24_doors,
          grunt_dithmenos_smoke, gup_ossuary_entry_pyramid, serial_shops, shop,
          uniq_edmund
D:7:      layout_rooms, lemuel_tele_altar, overflow_temple_1_default,
          lemuel_coloured_pillars_altar, serial_shops,
          nicolae_shop_temple_entry_statues_fountains, uniq_joseph
D:8:      layout_basic, enter_bailey_2, serial_undead, serial_undead_f,
          serial_undead_c, serial_undead_d, serial_undead_b, serial_undead_b,
          serial_undead_d, serial_shops, shop, grunt_decor_resistance,
          hellmonk_guarded_unrand_frostbite
D:9:      layout_loops_ring, dpeg_oklobed_lair, serial_shops, shop,
          uniq_gastronok, uniq_erica
Temple:   cyrus_circular_temple
Lair:1:   layout_chaotic_city, minivault_11, infiniplex_staircase_pool_2,
          grunt_megastairs_1, uniq_grum
Lair:2:   layout_long_grid, special_room
Lair:3:   layout_gridlike, nicolae_swamp_entry_splash_gauntlet,
          guppyfry_snake_entry_island
Lair:4:   layout_loops_ring, portal_ice_cave_entry_ice_simulacra,
          serial_bayou_shore_b
Lair:5:   layout_regular_city, minivault_27, lemuel_oklob_altar,
          serial_bayou_shore_a
Lair:6:   minmay_lair_end_frog_pond, layout_cave_pods,
          dpeg_slime_entry_enclosed_altar, lemuel_fruit_tree,
          lemuel_fruit_fields

Skill      XL: |  1  2  3  4  5  6  7  8  9 10 11 12 13 |
---------------+----------------------------------------+-----
Axes           | 2 3 4 5 7 10 12 14 15 | 15.4
Throwing       | 1 |  1.0
Fighting       | 4 5 6 7 8 9 10 | 10.0
Shields        | 4 5 6 8 |  8.0
Armour         | 5 8 9 10 | 10.5
Invocations    | 1 5 7 |  7.1
Evocations     | 2 |  2.0

Action                   |  1- 3 |  4- 6 |  7- 9 | 10-12 | 13-15 || total
-------------------------+-------+-------+-------+-------+-------++-------
Melee: War axe           |    88 |   110 |   166 |    84 |       ||   448
       Whip              |       |    11 |    60 |       |       ||    71
       Broad axe         |       |       |       |   434 |   149 ||   583
Throw: Dart              |       |     4 |       |     6 |       ||    10
Invok: Divine Shield     |       |       |       |     1 |       ||     1
Evoke: Wand              |       |       |     1 |     1 |     7 ||     9
  Use: Potion            |       |     1 |     7 |     3 |       ||    11
       Scroll            |       |     3 |    11 |     9 |     4 ||    27
Armor: Scale mail        |    46 |    37 |       |       |       ||    83
       Chain mail        |       |    18 |   173 |    30 |       ||   221
       Plate armour      |       |       |       |   333 |   110 ||   443
Dodge: Dodged            |    44 |    49 |   106 |   143 |    24 ||   366
Block: Buckler           |    18 |    21 |    68 |    71 |       ||   178
       Kite shield       |       |       |       |    83 |    66 ||   149
